 Dungeon Crawl Stone Soup version 0.22-a0-767-g96269a3 (webtiles) character file.

72 coggelsworth the Grave Robber (level 4, 0/30 HPs)
             Began as a Human Necromancer on Jan 7, 2019.
             Was a Follower of Nemelex Xobeh.
             Slain by an orc
             ... wielding a +0 club
              (1 damage)
             ... on level 2 of the Dungeon.
             The game lasted 00:25:13 (2449 turns).

coggelsworth the Grave Robber (Human Necromancer)   Turns: 2449, Time: 00:25:14

Health: 0/30       AC:  4    Str:  9    XL:     4   Next: 50%
Magic:  8/8        EV: 12    Int: 16    God:    Nemelex Xobeh [*.....]
Gold:   77         SH:  0    Dex: 13    Spells: 3/8 levels left

rFire    . . .     SeeInvis .   i - +0 club
rCold    . . .     Gourm    .   (no shield)
rNeg     . . .     Faith    .   b - +0 leather armour
rPois    .         Spirit   .   (no helmet)
rElec    .         Reflect  .   (no cloak)
rCorr    .         Harm     .   k - +0 pair of gloves
MR       .....                  (no boots)
Stlth    ++........             (no amulet)
HPRegen  0.10/turn              (no ring)
MPRegen  0.11/turn              (no ring)

@: about to teleport
A: no striking features
a: Renounce Religion


You were on level 2 of the Dungeon.
You worshipped Nemelex Xobeh.
Nemelex Xobeh was aware of your devotion.
You were not hungry.

You visited 1 branch of the dungeon, and saw 3 of its levels.

You collected 77 gold pieces.

Inventory:

Hand Weapons
 i - a +0 club (weapon)
Armour
 a - a +0 robe
 b - a +0 leather armour (worn)
 k - a +0 pair of gloves (worn)
 r - a +1 helmet
Scrolls
 d - a scroll of identify
 e - a scroll of recharging
 f - a scroll of enchant armour {unknown}
 g - a scroll of amnesia {unknown}
 j - 2 scrolls of teleportation
 o - a scroll of remove curse {unknown}
Potions
 h - a potion of resistance {unknown}
 n - a potion of berserk rage {unknown}
 q - 2 potions of heal wounds {unknown}
Miscellaneous
 m - a plain deck of summoning {drawn: 2}
 p - a plain deck of escape {drawn: 3}
Comestibles
 c - 2 rations
 l - a chunk of flesh


   Skills:
 + Level 0.7 Armour
 + Level 2.0 Dodging
 + Level 2.0 Stealth
 + Level 2.8 Spellcasting
 + Level 5.0 Necromancy


You had 3 spell levels left.
You knew the following spells:

 Your Spells              Type           Power        Failure   Level  Hunger
a - Pain                  Necr           ###.         3%          1    #......
b - Animate Skeleton      Necr           N/A          3%          1    #......
c - Vampiric Draining     Necr           ###.......   10%         3    ###....

Your spell library contained the following spells:

 Spells                   Type           Power        Failure   Level  Hunger
 Animate Dead             Necr           N/A          32%         4    #####..
 Control Undead           Necr           ###.......   32%         4    #####..
 Regeneration             Chrm/Necr      ##........   28%         3    ###....
 Borgnjor's Vile Clutch   Necr/Erth      ##........   95%         5    ######.


Dungeon Overview and Level Annotations

Branches:
Dungeon (3/15)

Altars:
Nemelex Xobeh


Message History

The shrimp wizard hits you but does no dacastercrab.
The shrimp hits you with a short slashing claw.
You draw a card...
It is the Illusion.
Suddenly you stand beside yourself. The shrimp misses you.
The shrimp barely misses you.
The shrimp hits you but does no dacastercrab.
The shrimp wizard hits you with a stabby claw.
The shrimp hits you with a short slashing claw.
* * * CRAB GONE DIE * * *
As you read the scroll of teleportation, it crumbles to dust.
You feel strangely unstable.
The shrimp hits you but does no dacastercrab.
The shrimp barely misses you. The shrimp hits you with a club.
* * * CRAB GONE DIE * * *
The shrimp wizard closely misses you. The shrimp closely misses you.
Coggelsworth's illusion hits the shrimp!
The shrimp dies!
You draw a card...
It is the Shaft.
Nothing appears to happen.
The shrimp barely misses you. The shrimp hits you with a club.
Your journey is over little crab Your body glows slightly and disappears.

#.# #.###'##### #.# #.#
#.#.......# #.# #.#
#.#.......#
######.#####.###.#.......#
.....................#####
######..#.##.....#####
#..#.##.###§#####
######........§)oo§..####
..............@o@o§..##.#
........#.##.#######.##.#
.#####..#.##.# #.##.# .#
#..#.##.# #.##.# .#
#..#.##.# #.##.#
.#####.<#.##.# #.##.#
.............. #.##.#
.#####.#..##.# #.##.#
.#####.#..# #######.##.#


You could see an orc wizard, 3 orcs and the friendly coggelsworth's illusion.

Vanquished Creatures
  2 adders (D:2)
  An ooze (D:1)
  A dart slug (D:2)
  A leopard gecko (D:1)
  8 giant cockroaches (D:2)
  6 goblins
  3 hobgoblins (D:1)
  2 jackals (D:2)
  4 kobolds
  8 bats
  2 frilled lizards (D:2)
  5 rats
43 creatures vanquished.

Vanquished Creatures (collateral kills)
  An orc (D:2)
1 creature vanquished.

Grand Total: 44 creatures vanquished

Notes
Turn   | Place    | Note
-------+----------+-------------------------------------------
     0 | D:1      | coggelsworth the Human Necromancer began the quest for the Orb.
     0 | D:1      | Reached XP level 1. HP: 13/13 MP: 3/3
   411 | D:1      | Reached XP level 2. HP: 18/19 MP: 1/5
   781 | D:1      | Reached XP level 3. HP: 20/24 MP: 1/6
  1081 | D:1      | Found a sparkling altar of Nemelex Xobeh.
  1211 | D:1      | Became a worshipper of Nemelex Xobeh the Trickster
  1218 | D:1      | Learned a level 1 spell: Animate Skeleton
  1222 | D:1      | Learned a level 3 spell: Vampiric Draining
  1323 | D:2      | Received a gift from Nemelex Xobeh
  1487 | D:2      | Found a faded altar of an unknown god.
  1565 | D:2      | Received a gift from Nemelex Xobeh
  1631 | D:2      | Noticed a killer bee
  1735 | D:2      | Reached * piety under Nemelex Xobeh
  1739 | D:2      | Found a sparkling altar of Nemelex Xobeh.
  1853 | D:2      | Reached XP level 4. HP: 28/30 MP: 3/8
  2346 | D:2      | Reached skill level 5 in Necromancy
  2448 | D:2      | HP: 1/30 [orc/club (6)]
  2449 | D:2      | Slain by an orc

Vault maps used:
D:1:      roderic_crossed_star, minmay_misc_feat_columns,
          nemelex_xobeh_ov_fountains_minmay
D:2:      minmay_roachtagon, chequers_ecumenical_altar_simple_redux,
          nemelex_lonely_heart_becter
D:3:      first_ration, kennysheep_nondescript,
          grunt_dithmenos_smoke_and_mirrors, uniq_jessica

Skill      XL: |  1  2  3  4 |
---------------+-------------+-----
Necromancy     | 5 |  5.0
Armour         | |  0.7
Dodging        | |  2.0
Stealth        | |  2.0
Spellcasting   | |  2.8

Action                   |  1- 3 |  4- 6 || total
-------------------------+-------+-------++-------
Melee: Unarmed           |     4 |       ||     4
       Club              |    12 |     1 ||    13
 Cast: Pain              |    53 |    28 ||    81
       Animate Skeleton  |       |     1 ||     1
Evoke: Deck              |     1 |     4 ||     5
  Use: Scroll            |     2 |     1 ||     3
       Potion            |     1 |       ||     1
  Eat: Chunk             |     3 |     3 ||     6
Armor: Leather armour    |    10 |     9 ||    19
Dodge: Dodged            |    28 |    23 ||    51

Table legend:
 A = Spawn XP
 B = Non-spawn XP
 C = Spawn XP percentage of total XP
 D = Spawn monster count
 E = Non-spawn monster count
 F = Spawn count percentage of total count
 G = Total turns spent on level
                    A         B        C        D         E        F      G
               +---------+---------+-------+---------+---------+-------+---------
         Total |       0 |     104 |   0.0 |       0 |      44 |   0.0 |  2449
               +---------+---------+-------+---------+---------+-------+---------
           D:1 |       0 |      39 |   0.0 |       0 |      19 |   0.0 |  1276
           D:2 |       0 |      65 |   0.0 |       0 |      25 |   0.0 |  1167
               +---------+---------+-------+---------+---------+-------+---------
